 Dungeon Crawl Stone Soup version 0.13.2 (webtiles) character file.

107 RarestPepe the Chopper (level 4, -1/40 HPs)
             Began as a Hill Orc Berserker on Oct 9, 2015.
             Was a Believer of Trog.
             Slain by McChicken's ghost (10 damage)
             ... on Level 3 of the Dungeon.
             The game lasted 00:14:44 (1645 turns).

RarestPepe the Chopper (Hill Orc Berserker)         Turns: 1645, Time: 00:14:44

HP  -1/40        AC 11     Str 20      XL: 4   Next: 14%
MP   3/3         EV  7     Int  7      God: Trog [**....]
Gold 42          SH  0     Dex 10      Spells:  0 memorised,  3 levels left

Res.Fire  : + . .   See Invis. : .   a - +1,+0 orc hand axe (curse) {=f}
Res.Cold  : . . .   Warding    : .   r - +1 chain mail
Life Prot.: . . .   Conserve   : .   (no shield)
Res.Poison: .       Res.Corr.  : .   (no helmet)
Res.Elec. : .       Clarity    : .   (no cloak)
Sust.Abil.: . .     Spirit.Shd : .   s - +0 pair of gloves
Res.Mut.  : .       Stasis     : .   (no boots)
Res.Rott. : .       Flight     : .   (no amulet)
Saprovore : + . .                    (no ring)
                                     k - ring of protection from fire {unknown}

@: slightly resistant to hostile enchantments, extremely unstealthy
A: saprovore 1
a: Burn Spellbooks, Berserk, Trog's Hand, Renounce Religion


You were on level 3 of the Dungeon.
You worshipped Trog.
Trog was pleased with you.
You were very full.

You visited 1 branch of the dungeon, and saw 3 of its levels.

You collected 22 gold pieces.

Inventory:

Hand weapons
 a - a cursed +1,+0 orcish hand axe (weapon) {=f}
 f - a +0,+0 elven short sword
 h - a +1,+1 dwarven mace
 m - a +0,+0 orcish club (quivered)
Missiles
 g - 30 sling bullets
 n - a dart
 o - 6 needles of confusion
 q - 17 arrows
Armour
 b - a +0 animal skin
 d - a +0 robe
 j - a +0 ring mail
 r - a +1 chain mail (worn)
 s - a +0 pair of gloves (worn)
Comestibles
 i - a bread ration
Scrolls
 c - a scroll of enchant weapon I
 e - 2 scrolls of remove curse {unknown}
Jewellery
 k - a ring of protection from fire (left hand) {unknown}


   Skills:
 + Level 4.4 Fighting
 + Level 4.7 Axes
 + Level 2.7 Armour
 + Level 2.2 Dodging


You had 3 spell levels left.
You didn't know any spells.

Dungeon Overview and Level Annotations

Branches:
Dungeon (3/27)

Altars:
Xom

Annotations:
D:3 McChicken's ghost, average MiFi


Innate Abilities, Weirdness & Mutations

You can tolerate rotten meat.


Message History

McChicken's ghost is lightly damaged.
McChicken's ghost hits you but does no damage.
You hit McChicken's ghost.
McChicken's ghost is lightly damaged.
McChicken's ghost hits you!
You hit McChicken's ghost.
McChicken's ghost is lightly damaged.
McChicken's ghost hits you!
* * * LOW HITPOINT WARNING * * *
You closely miss McChicken's ghost.
McChicken's ghost is lightly damaged.
McChicken's ghost hits you.
* * * LOW HITPOINT WARNING * * *
You hit McChicken's ghost but do no damage.
McChicken's ghost is lightly damaged.
McChicken's ghost hits you but does no damage.
You hit McChicken's ghost but do no damage.
McChicken's ghost is lightly damaged.
McChicken's ghost hits you!
You die...

###### .....(.
.......
########.......
+..?...#%.......
#p@........
###........
#+#####


You could see McChicken's ghost.

Vanquished Creatures
  4 adders (D:2)
  A giant gecko (D:2)
  3 giant cockroaches (D:1)
  5 goblins
  2 hobgoblins
  3 kobolds
  An ooze (D:2)
  A ball python (D:3)
  4 bats
  2 giant newts
  2 hobgoblin zombies (D:1)
  A quokka (D:2)
  2 rats
31 creatures vanquished.

Notes
Turn   | Place    | Note
--------------------------------------------------------------
     0 | D:1      | RarestPepe, the Hill Orc Berserker, began the quest for the Orb.
     0 | D:1      | Reached XP level 1. HP: 19/19 MP: 0/0
   145 | D:1      | Reached XP level 2. HP: 15/27 MP: 1/1
   631 | D:1      | You fall through a shaft!
   689 | D:2      | Found a shimmering altar of Xom.
  1008 | D:2      | Reached XP level 3. HP: 33/33 MP: 2/2
  1056 | D:2      | Reached XP level 4. HP: 31/40 MP: 3/3
  1187 | D:2      | Acquired Trog's second power
  1243 | D:3      | Noticed McChicken's ghost (average MiFi)
  1300 | D:2      | HP: 2/40 [poison (a potion of poison)]
  1645 | D:3      | Slain by McChicken's ghost

Action                   |  1- 3 |  4- 6 || total
-------------------------+-------+-------++-------
Melee: Hand axe          |    89 |    23 ||   112
  Use: Scroll            |     1 |     3 ||     4
       Potion            |     1 |     2 ||     3
